 Dungeon Crawl Stone Soup version 0.21-a0-216-g6d3fd91 (console) character file.

132053 removed the Destroyer (level 16, 128/128 HPs)
             Began as a Demigod Conjurer on Aug 15, 2017.
             Quit the game on level 15 of the Dungeon on Aug 23, 2017.
             The game lasted 01:32:45 (33162 turns).

removed the Destroyer (Demigod Conjurer)           Turns: 33162, Time: 01:32:45

Health: 128/128    AC:  8    Str:  9    XL:     16   Next: 8%
Magic:  37/37      EV: 19    Int: 29    God:
Gold:   911        SH:  0    Dex: 21    Spells: 17/39 levels left

rFire    . . .     SeeInvis +   a - staff of conjuration
rCold    + . .     Gourm    .   (no shield)
rNeg     . . .     Faith    .   M - +2 robe {MR+}
rPois    .         Spirit   .   h - +2 helmet {SInv}
rElec    +         Reflect  .   v - scarf {repulsion}
rCorr    .         Harm     .   (no gloves)
MR       ++...                  A - +0 pair of boots
Stlth    ++........             X - amulet of magic regeneration
HPRegen  0.31/turn              c - ring of Mirth {rElec rC+ Str-2 SInv}
MPRegen  0.50/turn              K - +5 ring of dexterity

@: repel missiles
A: high mp 1
a: no special abilities


You were on level 15 of the Dungeon.
You were not hungry.

You visited 3 branches of the dungeon, and saw 23 of its levels.
You also visited: Labyrinth and Ice Cave.

You collected 2676 gold pieces.
You spent 1765 gold pieces at shops.

Inventory:

Hand Weapons
 b - a +3 demon blade of venom
 g - a +4 blowgun
Missiles
 d - 7 curare-tipped needles
Armour
 h - a +2 helmet of see invisible (worn)
 v - a scarf of repulsion (worn)
 A - a +0 pair of boots (worn)
 D - a scarf of resistance
 M - a +2 robe of magic resistance (worn)
Magical Staves
 a - an uncursed staff of conjuration (weapon)
Jewellery
 c - the ring of Mirth (left hand) {rElec rC+ Str-2 SInv}
   (You found it in a labyrinth)

   [ring of see invisible]

   It affects your strength (-2).
   It protects you from cold.
   It insulates you from electricity.
   It lets you see invisible.
 s - an uncursed ring of protection from fire
 C - an uncursed ring of protection from cold
 K - a +5 ring of dexterity (right hand)
 X - an amulet of magic regeneration (around neck)
Wands
 o - a wand of lightning (12/15)
 z - a wand of disintegration (12/24)
 P - a wand of iceblast (13/15)
 R - a wand of polymorph (13/24)
 Y - a wand of acid (9/15)
Scrolls
 e - a scroll of fog
 m - 10 scrolls of remove curse
 q - a scroll of holy word
 r - 8 scrolls of identify
 t - 5 scrolls of amnesia
 y - 3 scrolls of magic mapping
 B - 3 scrolls of recharging
 F - 4 scrolls of teleportation
 N - 2 scrolls of blinking
 S - a scroll of vulnerability
 Z - a scroll of enchant armour
Potions
 j - 2 potions of berserk rage
 p - 2 potions of brilliance
 u - a potion of cancellation
 x - 10 potions of mutation
 G - a potion of agility
 H - a potion of magic
 I - a potion of lignification
 J - 4 potions of curing
 L - 2 potions of invisibility
 O - 6 potions of might
 T - 3 potions of ambrosia
 U - 4 potions of flight
 V - 4 potions of heal wounds
 W - 5 potions of haste
Miscellaneous
 l - a phial of floods
Comestibles
 k - 28 fruits
 n - 10 meat rations
 w - 9 royal jellies
 E - 4 chunks of flesh
 Q - 10 bread rations


   Skills:
 - Level 8.0 Fighting
 - Level 10.0 Long Blades
 - Level 8.0 Dodging
 - Level 1.7 Stealth
 - Level 12.0 Spellcasting
 - Level 14.0 Conjurations
 - Level 6.1 Charms
 + Level 10.1 Ice Magic


You had 17 spell levels left.
You knew the following spells:

 Your Spells              Type           Power        Failure   Level  Hunger
a - Magic Dart            Conj           ####         0%          1    None
b - Iskenderun's Mystic   Conj           #######.     1%          4    None
c - Bolt of Cold          Conj/Ice       #######...   3%          6    #####..
d - Searing Ray           Conj           ######       0%          2    None
o - Ozocubu's Armour      Chrm/Ice       ######..     1%          3    None
w - Iskenderun's Battles  Conj/Chrm      #######.     1%          5    ##.....
A - Apportation           Tloc           ###...       3%          1    None


Dungeon Overview and Level Annotations

Branches:
Dungeon (15/15)            Temple (0/1) D:6            Lair (6/6) D:10
  Swamp (0/4) Lair:3        Snake (0/4) Lair:4        Slime (0/5) Lair:5
    Orc (2/2) D:12            Elf (0/3) Orc:2        Vaults (0/5) D:13
 Depths (0/5) D:15

Shops:
D:13 (   Orc:1 [   Orc:2 :*[(

Annotations:
D:9 exclusion: oklob plant
Lair:1 exclusion: oklob plant


Innate Abilities, Weirdness & Mutations

You have an increased reservoir of magic. (+10% MP)


Message History

Press: ? - help, Shift-Dir - straight line, f - cyclops
Aim: a cyclops You feel a surge of power!
The bolt of cold hits the cyclops.
The cyclops is severely wounded.
Your battlesphere fires!
The barrage of energy hits the cyclops.
You kill the cyclops!
You swap places.
Done exploring.
Done exploring.
Drop what? 51/52 slots (_ for help) (? for menu, Esc to quit)
You drop the +0 scale mail "Porhunos" {rC+ Regen+ MP+9}.
Unknown command.
Saving game... please wait.
Welcome back, removed the Demigod Conjurer.
Press ? for a list of commands and other information.
Done exploring.
Drop what? 50/52 slots (_ for help) (? for menu, Esc to quit)
Okay, then.
Are you sure you want to abandon this character and quit the game? (Confirm with "yes".)

.......#
#........##############.
.......#
#........'........#...#.
######.#
#........########.#.....
..# #.# #......).#
#.....#..... #.## #.#
#........# #.##########
#..# #.###........#
#.#.........
##.###...).#'######
#.###.#####.
..(............*.#
#.....# #.
##.####.####.###@#
####### #.
#..............#.# #.
#..####.####.#(#.# #.
#..........#.#.#.# #.
#.#..#./...#.#.#.# #.
#....#..#....#.#.# #.
####.#..#.#..#.#.# #.
........#.#.<#...# #.
#####.#!#.##.######## #.


You could see a friendly battlesphere.

Vanquished Creatures
  Kirke (D:13)
  2 orc warlords (Orc:2)
  A frost giant (IceCv)
  Nessos (D:12)
  A fire dragon (D:14)
  A minotaur (Lab)
  An ogre mage (D:14)
  A yaktaur captain (D:15)
  11 hydras
  2 death knights (D:15)
  2 centaur warriors
  9 two-headed ogres
  3 death yaks
  4 orc high priests (Orc:2)
  Urug (D:12)
  A shadow wraith (D:13)
  The ghost of removed the Zephyrmancer, a novice DgAE (D:8)
  3 skeletal warriors (D:12)
  A glowing orange brain (shapeshifter) (D:13)
  3 orc knights
  A necromancer (D:15)
  4 cyclopes
  5 orc sorcerers (Orc:2)
  3 manticores
  4 deep elf magi
  2 ugly things (D:11)
  6 black mambas
  A naga mage (D:15)
  An ice statue (IceCv)
  7 gargoyles
  7 spiny frogs
  3 kobold demonologists
  4 komodo dragons
  11 hornets
  8 trolls
  2 minotaur zombies (Lab)
  16 polar bears
  5 slime creatures (D:15)
  4 blink frogs
  7 dream sheep (Lair:4)
  7 hippogriffs
  A meliai zombie (D:15)
  15 spriggans (Lair:6)
  3 shadows
  30 yaks
  2 redbacks (Lab)
  2 wraiths
  A centaur simulacrum (D:15)
  A vampire (D:15)
  2 wyverns
  4 basilisks (Lab)
  8 hungry ghosts (Lab)
  7 wargs
  3 nagas (Lair:4)
  An acid dragon (D:15)
  A soldier ant (D:9)
  7 water moccasins
  5 porcupines
  12 ice beasts
  31 orc warriors
  3 sky beasts
  6 black bears
  2 eyes of draining
  2 necrophages
  3 boggarts (Lair:6)
  34 wolves
  3 phantoms
  17 ogres
  9 centaurs
  3 big kobolds
  7 crocodiles
  18 bullfrogs
  A wyvern zombie (D:9)
  5 scorpions
  14 killer bees
  6 wights (D:12)
  8 electric eels
  4 howler monkeys
  10 crimson imps
  3 bullfrog zombies
  3 centaur zombies
  29 orc priests
  2 jellies
  3 bullfrog skeletons
  5 hounds
  10 centaur skeletons
  2 iguanas
  26 orc wizards
  13 worker ants
  A killer bee zombie (D:5)
  A hound zombie (D:11)
  2 hound skeletons
  A worker ant zombie (D:10)
  Robin (D:3)
  3 gnolls (D:2)
  A howler monkey skeleton (D:7)
  17 adders
  6 shadow imps
  An ooze (D:7)
  4 worms
  2 dart slugs
  4 leopard geckos
  97 orcs
  A ball python (D:1)
  6 giant cockroaches
  11 goblins
  7 hobgoblins
  7 jackals
  6 quokkas
  4 bats
  9 frilled lizards
  26 kobolds
  A leopard gecko skeleton (D:7)
  2 quokka skeletons
  A quokka zombie (D:6)
  9 rats
  A fungus (Lair:6)
777 creatures vanquished.

Vanquished Creatures (collateral kills)
  A catoblepas (Lair:6)
  An ugly thing (D:11)
  A big kobold (D:11)
  5 kobolds (D:11)
8 creatures vanquished.

Vanquished Creatures (others)
  A crimson imp (D:13)
  9 fungi
10 creatures vanquished.

Grand Total: 795 creatures vanquished

Notes
Turn   | Place    | Note
-------+----------+-------------------------------------------
     0 | D:1      | removed the Demigod Conjurer began the quest for the Orb.
     0 | D:1      | Reached XP level 1. HP: 14/14 MP: 5/5
   279 | D:1      | Reached skill level 4 in Conjurations
   300 | D:1      | Reached XP level 2. HP: 20/20 MP: 0/7
   425 | D:1      | Learned a level 2 spell: Searing Ray
  1255 | D:2      | Found a hide-covered altar of Uskayaw.
  1606 | D:3      | Reached XP level 3. HP: 26/26 MP: 1/8
  1811 | D:3      | Reached skill level 5 in Conjurations
  1833 | D:3      | Noticed Robin
  1887 | D:3      | Killed Robin
  2133 | D:3      | Reached XP level 4. HP: 33/33 MP: 7/9
  2219 | D:3      | Found a snail-covered altar of Cheibriados.
  2588 | D:3      | Found a burning altar of Makhleb.
  2938 | D:2      | Reached skill level 6 in Conjurations
  2938 | D:2      | Reached XP level 5. HP: 38/38 MP: 4/10
  3460 | D:4      | Learned a level 4 spell: Iskenderun's Mystic Blast
  3773 | D:4      | Noticed a phantom
  3795 | D:4      | Killed a phantom
  3795 | D:4      | Reached skill level 7 in Conjurations
  3795 | D:4      | Reached XP level 6. HP: 45/45 MP: 0/11
  4246 | D:4      | Found a sparkling altar of Nemelex Xobeh.
  4530 | D:4      | Found a glowing silver altar of Zin.
  4617 | D:5      | Entered Level 5 of the Dungeon
  4823 | D:5      | Found a snail-covered altar of Cheibriados.
  4823 | D:5      | Found a shadowy altar of Dithmenos.
  4944 | D:5      | Found a sacrificial altar of Ru.
  4962 | D:5      | Reached XP level 7. HP: 39/50 MP: 11/16
  5313 | D:5      | Found an iron altar of Okawaru.
  5394 | D:5      | Found a radiant altar of Vehumet.
  5505 | D:5      | Reached skill level 5 in Spellcasting
  5717 | D:6      | Reached skill level 8 in Conjurations
  5919 | D:6      | Reached XP level 8. HP: 57/57 MP: 12/19
  6223 | D:6      | Found a staircase to the Ecumenical Temple.
  6371 | D:6      | You fall through a shaft!
  6379 | D:7      | Reached skill level 9 in Conjurations
  6870 | D:7      | Reached skill level 1 in Fighting
  7831 | D:8      | Noticed a two-headed ogre
  7874 | D:8      | Reached XP level 9. HP: 46/72 MP: 14/21
  8205 | D:8      | Found an opulent altar of Gozag.
  8261 | D:8      | Noticed removed's ghost (novice DgAE)
  8286 | D:8      | Killed removed's ghost
  8286 | D:8      | Reached skill level 5 in Dodging
  8576 | D:8      | Killed a two-headed ogre
  8576 | D:8      | Reached skill level 10 in Conjurations
  9663 | D:9      | Reached XP level 10. HP: 80/80 MP: 13/23
  9864 | D:9      | Reached skill level 11 in Conjurations
  9914 | D:9      | Got an emerald-studded plate armour
 10800 | D:9      | Found a blossoming altar of Fedhas.
 10817 | D:9      | Noticed an oklob plant
 10867 | D:9      | Reached skill level 12 in Conjurations
 11005 | D:9      | Found a glowing golden altar of the Shining One.
 11244 | D:9      | Identified the cursed +0 plate armour "Wadghuno" {rPois rC+ rN+ Str+3} (You found it on level 9 of the Dungeon)
 11257 | D:10     | Entered Level 10 of the Dungeon
 11774 | D:10     | Learned a level 1 spell: Apportation
 11915 | D:10     | Noticed a two-headed ogre
 11928 | D:10     | Killed a two-headed ogre
 12176 | D:10     | Got a jasper-encrusted leather armour
 12190 | D:10     | Identified the +3 leather armour of the Enchanted Forest {rPois Regen+ Int-5 SInv} (You found it on level 10 of the Dungeon)
 12421 | D:10     | Found a staircase to the Lair.
 12837 | D:11     | Noticed a cyan ugly thing
 12887 | D:10     | Reached XP level 11. HP: 51/85 MP: 7/27
 13251 | D:11     | Found a shimmering altar of Xom.
 13761 | D:11     | Reached skill level 5 in Fighting
 14288 | D:12     | Noticed a skeletal warrior
 14290 | D:12     | Noticed a skeletal warrior
 14296 | D:12     | Noticed a skeletal warrior
 14403 | Lair:1   | Entered Level 1 of the Lair of Beasts
 15381 | Lair:1   | Noticed a four-headed hydra
 15387 | Lair:1   | Killed a four-headed hydra
 15656 | Lair:1   | Identified a scroll of acquirement
 15756 | Lair:2   | Noticed a death yak
 15758 | Lair:2   | Noticed a death yak
 15759 | Lair:2   | Noticed a death yak
 15843 | Lair:2   | Found a frozen archway.
 16097 | IceCv    | Entered an ice cave
 16333 | IceCv    | Reached skill level 5 in Long Blades
 16901 | IceCv    | Reached XP level 12. HP: 100/100 MP: 5/28
 17490 | IceCv    | Noticed a frost giant
 17515 | IceCv    | Killed a frost giant
 18787 | Lair:1   | Reached skill level 10 in Long Blades
 18901 | Lair:1   | Upgraded the game from 0.21-a0-196-g6a663c0 to 0.21-a0-200-gb89f83b
 19103 | Lair:2   | Noticed a five-headed hydra
 19109 | Lair:2   | Killed a five-headed hydra
 19301 | Lair:3   | Found a staircase to the Swamp.
 19649 | Lair:3   | Learned a level 5 spell: Iskenderun's Battlesphere
 19722 | Lair:3   | Reached skill level 1 in Charms
 20369 | Lair:4   | Noticed a five-headed hydra
 20373 | Lair:4   | Killed a five-headed hydra
 20772 | Lair:4   | Reached skill level 5 in Charms
 20891 | Lair:4   | Reached XP level 13. HP: 101/105 MP: 22/29
 20898 | Lair:4   | Found a staircase to the Snake Pit.
 21216 | Lair:5   | Found a staircase to the Slime Pits.
 21216 | Lair:5   | Found a viscous altar of Jiyva.
 21967 | Lair:6   | Entered Level 6 of the Lair of Beasts
 22075 | Lair:6   | Reached skill level 13 in Conjurations
 22212 | Lair:6   | Found a labyrinth entrance.
 22238 | Lab      | Entered a labyrinth
 23233 | Lab      | Got a scintillating lead ring
 23235 | Lab      | Identified the ring of Mirth {rElec rC+ Str-2 SInv} (You found it in a labyrinth)
 23587 | Lair:6   | Got a dazzling scale mail
 23730 | Lair:6   | Reached skill level 10 in Spellcasting
 24253 | Lair:6   | Identified the +0 scale mail "Porhunos" {rC+ Regen+ MP+9} (You took it off a spriggan rider on level 6 of the Lair of Beasts)
 24263 | Lair:6   | Upgraded the game from 0.21-a0-200-gb89f83b to 0.21-a0-207-g4a9efaf
 24682 | D:12     | Noticed Urug
 24694 | D:12     | Killed Urug
 24722 | D:12     | Paralysed by a hornet for 3 turns
 25049 | D:12     | Noticed Nessos
 25056 | D:12     | Killed Nessos
 25703 | D:12     | Found a staircase to the Orcish Mines.
 25873 | D:12     | Reached XP level 14. HP: 115/115 MP: 8/32
 26589 | Orc:1    | Entered Level 1 of the Orcish Mines
 26589 | Orc:1    | Found Lumisouf's Armour Boutique.
 26882 | Orc:2    | Entered Level 2 of the Orcish Mines
 26886 | Orc:2    | Reached skill level 14 in Conjurations
 26934 | Orc:2    | Found a staircase to the Elven Halls.
 28660 | Orc:2    | Noticed an orc warlord
 28680 | Orc:2    | Killed an orc warlord
 29176 | Orc:2    | Noticed an orc warlord
 29198 | Orc:2    | Killed an orc warlord
 29724 | Orc:2    | Found Aqojea's Antique Armour Emporium.
 29725 | Orc:2    | Found Fatoupt's Antique Weapon Shoppe.
 29726 | Orc:2    | Found Tosenete's General Store.
 29726 | Orc:2    | Found Voyl's Book Emporium.
 29902 | Orc:2    | Bought Gaogapops's Tome of the Glacier and Confrontation for 720 gold pieces
 29906 | Orc:2    | Learned a level 3 spell: Ozocubu's Armour
 29913 | Orc:2    | Learned a level 6 spell: Bolt of Cold
 29915 | Orc:2    | Bought a potion of experience for 850 gold pieces
 29915 | Orc:2    | Reached XP level 15. HP: 121/121 MP: 32/35
 29921 | Orc:2    | Upgraded the game from 0.21-a0-207-g4a9efaf to 0.21-a0-215-g0631661
 29921 | Orc:2    | Upgraded the game from 0.21-a0-215-g0631661 to 0.21-a0-216-g6d3fd91
 29931 | Orc:2    | Bought a glowing helmet for 195 gold pieces
 30097 | D:13     | Reached skill level 5 in Ice Magic
 30489 | D:13     | Noticed Kirke
 30491 | D:13     | Killed Kirke
 30678 | D:13     | Found Visah's Weapon Emporium.
 30749 | D:13     | Found a gate to the Vaults.
 32202 | D:15     | Entered Level 15 of the Dungeon
 32789 | D:15     | Reached XP level 16. HP: 128/128 MP: 30/37
 32870 | D:15     | Found a staircase to the Depths.
 32993 | D:15     | Reached skill level 10 in Ice Magic
 33162 | D:15     | Quit the game

Vault maps used:
D:1:      dpeg_arrival_ratfight, st_stairs_1
D:2:      lemuel_doored_altar
D:3:      makhleb_heckhound_becter, first_bread, kennysheep_slug_shrine,
          uniq_robin
D:4:      kennysheep_spiral_hall, kennysheep_mini_moat,
          nemelex_xobeh_ov_fountains_minmay
D:5:      marbit_many_paths, lemuel_coloured_pillars_altar,
          nicolae_ru_awakened_eye, gammafunk_temple_overflow_wave,
          grunt_decor_fettered
D:6:      temple_hall
D:8:      kennysheep_mini
D:9:      nicolae_tso_swordbearing_angel, tgw_fedhas, hangedman_pestilent_swarm,
          st_stairs_8
D:10:     lair_entry_dummy
D:11:     basic_altar
D:12:     orc_0_dummy, uniq_urug, uniq_nessos
D:13:     david_vaults_4, serial_shops, nicolae_shop_behind_doors, uniq_kirke
D:14:     hangedman_abyss_or_decor_stagger, moated_statue
D:15:     grunt_enter_depths_magical_seal, corexii_leaking_fountain
Lair:1:   minmay_lair_oklob_chamber
Lair:2:   portal_ice_cave_entry_ice_beasts, nicolae_quartered_pool_medium,
          eino_small_chamber_without_monster, st_stairs_3, hibernation_bobbens
Lair:3:   minmay_swamp_entry_eels
Lair:4:   minmay_snake_entry_guardpost_small
Lair:5:   slime_altar_1, columned_hall_lemuel
Lair:6:   minmay_lair_end_enchanted_forest, lab_entry_generic, lemuel_fruit_tree
Orc:1:    serial_shops, shop, mines5_lemuel
Orc:2:    st_orc_congregation
Lab:      labyrinth_hidden_loot, lab_hedge, lab_block, nicolae_lab_plus,
          nicolae_lab_grate_2, nicolae_lab_flowing_pool, nicolae_lab_stuck,
          nicolae_lab_quarters, nicolae_lab_do_over
IceCv:    ice_cave_small_giant

Skill      XL: |  1  2  3  4  5  6  7  8  9 10 11 12 13 14 15 16 |
---------------+-------------------------------------------------+-----
Conjurations   | 4 5 6 7 8 9 10 12 13 14 | 14.0
Spellcasting   | 3 5 6 8 10 11 12 | 12.0
Fighting       | 4 7 8 |  8.0
Dodging        | 5 7 8 |  8.0
Long Blades    | 6 10 | 10.0
Charms         | 5 6 |  6.1
Ice Magic      | 4 9 10 | 10.1
Stealth        | |  1.7

Action                   |  1- 3 |  4- 6 |  7- 9 | 10-12 | 13-15 | 16-18 || total
-------------------------+-------+-------+-------+-------+-------+-------++-------
Melee: Dagger            |     5 |     5 |     3 |     5 |       |       ||    18
       Demon blade       |       |       |       |    20 |    68 |    17 ||   105
       Staff             |       |       |       |       |     1 |       ||     1
 Cast: Magic Dart        |    79 |   117 |   206 |   295 |   389 |     8 ||  1094
       Searing Ray       |     3 |     8 |    28 |    53 |       |       ||    92
       Iskenderun's Myst |       |       |    14 |   232 |   260 |    14 ||   520
       Iskenderun's Batt |       |       |       |    10 |   130 |     6 ||   146
       Ozocubu's Armour  |       |       |       |       |     1 |       ||     1
       Bolt of Cold      |       |       |       |       |    25 |     3 ||    28
Evoke: Phial of floods   |       |       |       |     1 |     1 |       ||     2
  Use: Scroll            |       |       |     8 |    21 |     5 |       ||    34
       Potion            |       |       |     2 |     2 |     2 |       ||     6
 Stab: Distracted        |       |       |       |       |     2 |       ||     2
  Eat: Chunk             |     5 |     9 |    14 |    26 |    37 |       ||    91
       Royal jelly       |       |       |     1 |     4 |     2 |       ||     7
       Fruit             |       |       |     1 |       |       |       ||     1
       Bread ration      |       |       |       |     3 |     4 |       ||     7
Armor: Robe              |     3 |     5 |     4 |    20 |    21 |     6 ||    59
Dodge: Dodged            |     8 |    22 |    61 |   271 |   224 |    20 ||   606
       Deflected         |       |       |       |     2 |    16 |     2 ||    20
       Rpst.: Demon blade |       |       |       |     3 |    24 |     1 ||    28

Table legend:
 A = Spawn XP
 B = Non-spawn XP
 C = Spawn XP percentage of total XP
 D = Spawn monster count
 E = Non-spawn monster count
 F = Spawn count percentage of total count
 G = Total turns spent on level
                    A         B        C        D         E        F      G
               +---------+---------+-------+---------+---------+-------+---------
         Total |   11691 |   25760 |  31.2 |      18 |      70 |  20.5 |  3241
               +---------+---------+-------+---------+---------+-------+---------
          D:12 |       0 |     100 |   0.0 |       0 |       1 |   0.0 |    43
          D:13 |    1384 |    8427 |  14.1 |       2 |      20 |   9.1 |   875
          D:14 |    7607 |    5825 |  56.6 |      10 |      21 |  32.3 |  1284
          D:15 |    2700 |   11408 |  19.1 |       6 |      28 |  17.6 |   960
               +---------+---------+-------+---------+---------+-------+---------
